 Dungeon Crawl Stone Soup version 0.22-a0-603-gfc1114d (webtiles) character file.

6193 sking99 the Covert (level 10, -10/63 HPs)
             Began as a Vampire Enchanter on July 7, 2018.
             Was a Believer of Uskayaw.
             Mangled by a two-headed ogre
             ... wielding a +0 giant spiked club
              (24 damage)
             ... on level 9 of the Dungeon.
             The game lasted 00:31:56 (10147 turns).

sking99 the Covert (Vampire Enchanter)             Turns: 10147, Time: 00:31:57

Health: -10/63     AC:  6    Str:  7    XL:     10   Next: 60%
Magic:  4/17       EV: 13    Int: 19    God:    Uskayaw [**....]
Gold:   334        SH:  0    Dex: 17    Spells: 7/19 levels left

rFire    . . .     SeeInvis +   h - +1 dagger (elec)
rCold    . . .     Gourm    .   (no shield)
rNeg     + . .     Faith    .   b - +0 robe
rPois    .         Spirit   .   f - +0 helmet
rElec    .         Reflect  .   j - +0 cloak
rCorr    .         Harm     .   u - +0 pair of gloves
MR       +....                  n - +0 pair of boots
Stlth    +++.......             (no amulet)
HPRegen  0.20/turn              (no ring)
MPRegen  0.15/turn              (no ring)

@: very slow
A: fangs 3, see invisible, unbreathing
a: Bat Form, Stomp, Line Pass, Renounce Religion


You were on level 9 of the Dungeon.
You worshipped Uskayaw.
Uskayaw was noncommittal.
You were not thirsty.

You visited 1 branch of the dungeon, and saw 9 of its levels.
You also visited: Sewer.

You collected 373 gold pieces.
You spent 39 gold pieces at shops.

Inventory:

Hand Weapons
 h - a +1 dagger of electrocution (weapon)
Missiles
 o - 3 throwing nets (quivered)
Armour
 b - a +0 robe (worn)
 f - a +0 helmet (worn)
 j - a +0 cloak (worn)
 n - a +0 pair of boots (worn)
 u - a +0 pair of gloves (worn)
 D - a +0 shield
Jewellery
 c - an uncursed amulet of rage {unknown}
 p - an uncursed ring of wizardry {unknown}
 s - an uncursed ring of ice {unknown}
 B - a +2 ring of slaying {unknown}
Wands
 r - a wand of random effects (19)
 t - a wand of disintegration (33)
 y - a wand of flame (32)
 A - a wand of paralysis (14)
Scrolls
 i - 3 scrolls of blinking
 l - a scroll of enchant armour
 w - 2 scrolls of teleportation
 x - a scroll of enchant weapon
 C - a scroll of immolation
Potions
 a - 3 potions of agility
 d - 7 potions of blood
 e - 4 potions of curing
 g - 3 potions of heal wounds
 k - 3 potions of flight
 m - a potion of brilliance
 q - a potion of might {unknown}
 v - a potion of mutation {unknown}
 z - a potion of ambrosia {unknown}


   Skills:
 + Level 9.0 Short Blades
 - Level 2.5 Dodging
 + Level 13.0 Stealth
 - Level 5.0 Spellcasting
 + Level 12.1 Hexes
 - Level 5.0 Invocations


You had 7 spell levels left.
You knew the following spells:

 Your Spells              Type           Power        Failure   Level  Hunger
a - Ensorcelled Hibernat  Hex/Ice        ####..       1%          2    #......
b - Confuse               Hex            ######..     1%          3    ##.....
c - Tukima's Dance        Hex            ######..     1%          3    ##.....
d - Dazzling Spray        Conj/Hex       ####..       3%          3    ##.....
y - Corona                Hex            ######.      1%          1    None

Your spell library contained the following spells:

 Spells                   Type           Power        Failure   Level  Hunger
 Spider Form              Tmut/Pois      #.........   36%         3    ##.....
 Blade Hands              Tmut           #.........   98%         5    ######.
 Ice Form                 Ice/Tmut       #.......     77%         4    ####...
 Sticks to Snakes         Tmut           #.......     19%         2    #......
 Beastly Appendage        Tmut           #.....       12%         1    None


Dungeon Overview and Level Annotations

Branches:
Dungeon (8/15)               Lair (0/6) D:8
 Temple: D:4-7

Altars:
Ashenzari
Kikubaaqudgha
Makhleb
Nemelex Xobeh
Okawaru
Sif Muna
Trog
Uskayaw
Vehumet
Wu Jian

Shops:
D:5 ?   D:7 [   D:9 (


Innate Abilities, Weirdness & Mutations

You have razor-sharp teeth.
You have supernaturally acute eyesight. (SInv)
You can survive without breathing.


Message History

You spit the hound like a pig!!!!
You kill the hound!
You can now pass through a line of other dancers.
Casting: Ensorcelled Hibernation (safe; 1% risk of failure)
Confirm with . or Enter, or press ? or * to list all spells.
Aiming: Ensorcelled Hibernation (safe; 1% risk of failure)
Press: ? - help, Shift-Dir - straight line, f - two-headed ogre
Aim: a two-headed ogre, wielding a giant spiked club and a giant club (chance to defeat MR: 38%)
The two-headed ogre easily resists.
Casting: Ensorcelled Hibernation (safe; 1% risk of failure)
Confirm with . or Enter, or press ? or * to list all spells.
Aiming: Ensorcelled Hibernation (safe; 1% risk of failure)
Press: ? - help, Shift-Dir - straight line, f/p - two-headed ogre
Aim: a two-headed ogre, wielding a giant spiked club and a giant club (chance to defeat MR: 38%)
The two-headed ogre easily resists.
An orc wizard comes into view. It is wielding a dagger.
The two-headed ogre hits you with a giant spiked club!!
* * * LOW HITPOINT WARNING * * *
The two-headed ogre hits you with a giant club!!
You die...

.%.#.........# .####.##..
#.....o...#?.###......##..
..............##......##..
.≈≈≈≈.≈≈≈†≈.#.##......##.
(≈≈≈≈.≈≈≈≈≈.#..#......## .
.≈≈≈≈.≈≈≈≈≈............# .
.≈≈≈≈.≈≈≈≈≈...8.8.8....#..
.≈≈≈≈....O)†...⌠.⌠..≈..#..
.......≈≈@≈...8.∩.8≈≈.....
.≈≈≈≈≈.(≈≈≈....⌠.⌠..≈..#
.≈≈≈≈≈.≈≈≈≈...8.8.8....#
.≈≈≈≈≈.≈≈≈≈.#.........(#
.≈≈≈≈≈.≈≈≈≈............#
.......................#
#..#.#..#.#####....##.##
.................)..#.#
####.##.#.........#.#.#


You could see a two-headed ogre and an orc wizard.

Vanquished Creatures
  A hydra (D:9)
  2 two-headed ogres
  Grinder (Sewer)
  A hornet (D:5)
  A hippogriff (D:8)
  A wyvern (D:9)
  A hungry ghost (D:9)
  Edmund (D:4)
  2 sky beasts (D:7)
  4 phantoms
  2 necrophages
  A black bear (D:9)
  4 ogres
  3 centaurs
  A bullfrog (D:4)
  A big kobold (Sewer)
  Blork the orc (D:5)
  A scorpion (D:7)
  A water moccasin skeleton (D:7)
  7 wights (D:6)
  A howler monkey (D:6)
  6 crimson imps
  A bullfrog zombie (D:8)
  2 quasits
  2 jellies (D:8)
  5 hounds
  2 bullfrog skeletons
  A centaur skeleton (D:4)
  2 orc wizards (D:7)
  An iguana (D:9)
  6 worker ants
  2 big kobold zombies (Sewer)
  A hound skeleton (D:7)
  A worker ant zombie (D:5)
  2 howler monkey skeletons (D:7)
  6 gnolls
  11 adders
  A river rat (D:4)
  5 shadow imps
  4 ufetubi (Sewer)
  An ooze (Sewer)
  An adder zombie (Sewer)
  An adder skeleton (D:6)
  3 worms (D:3)
  3 dart slugs
  2 leopard geckos
  10 orcs
  7 bats
  10 giant cockroaches
  4 goblins
  11 hobgoblins
  7 jackals
  2 quokkas
  2 ball pythons
  3 frilled lizards
  A giant cockroach zombie (D:5)
  28 kobolds
  A leopard gecko skeleton (D:4)
  14 rats
210 creatures vanquished.

Vanquished Creatures (collateral kills)
  An ogre (D:8)
1 creature vanquished.

Grand Total: 211 creatures vanquished

Notes
Turn   | Place    | Note
-------+----------+-------------------------------------------
     0 | D:1      | sking99 the Vampire Enchanter began the quest for the Orb.
     0 | D:1      | Reached XP level 1. HP: 13/13 MP: 3/3
   364 | D:1      | Reached XP level 2. HP: 16/19 MP: 5/5
   417 | D:1      | Learned a level 2 spell: Ensorcelled Hibernation
   870 | D:2      | Reached skill level 5 in Stealth
   882 | D:2      | Reached skill level 5 in Hexes
   882 | D:2      | Reached XP level 3. HP: 24/24 MP: 0/6
   946 | D:2      | Noticed a hand axe
   947 | D:2      | Found a hide-covered altar of Uskayaw.
   947 | D:2      | Noticed a hand axe
  1247 | D:2      | Reached XP level 4. HP: 30/30 MP: 4/7
  1503 | D:2      | Found a bloodstained altar of Trog.
  1613 | D:2      | Became a worshipper of Uskayaw the Reveler
  1662 | D:2      | Reached * piety under Uskayaw
  1814 | D:2      | Reached skill level 6 in Stealth
  2115 | D:3      | Found a shattered altar of Ashenzari.
  2386 | D:3      | Reached XP level 5. HP: 35/35 MP: 0/8
  2389 | D:3      | Reached ** piety under Uskayaw
  2900 | D:3      | Found a sparkling altar of Nemelex Xobeh.
  3149 | D:4      | Learned a level 3 spell: Confuse
  3164 | D:4      | Reached skill level 1 in Invocations
  3164 | D:4      | Reached XP level 6. HP: 41/41 MP: 0/9
  3164 | D:4      | Reached *** piety under Uskayaw
  3198 | D:4      | Reached skill level 7 in Stealth
  3569 | D:4      | Found an ancient bone altar of Kikubaaqudgha.
  3613 | D:4      | Noticed Edmund
  3640 | D:4      | Killed Edmund
  3640 | D:4      | Reached XP level 7. HP: 46/46 MP: 7/10
  3664 | D:4      | Found a glowing drain.
  3744 | Sewer    | Entered a sewer
  4314 | Sewer    | Found a burning altar of Makhleb.
  4351 | Sewer    | Reached skill level 8 in Stealth
  4434 | Sewer    | Noticed Grinder
  4441 | Sewer    | Killed Grinder
  4441 | Sewer    | Reached skill level 5 in Short Blades
  4942 | D:4      | Reached XP level 8. HP: 52/52 MP: 8/11
  5012 | D:5      | Entered Level 5 of the Dungeon
  5020 | D:5      | Reached skill level 9 in Stealth
  5100 | D:5      | Learned a level 3 spell: Tukima's Dance
  5148 | D:5      | Noticed Blork the orc
  5150 | D:5      | Killed Blork the orc
  5335 | D:5      | Noticed a hornet
  5343 | D:5      | Killed a hornet
  5349 | D:5      | Found a radiant altar of Vehumet.
  5382 | D:5      | Reached skill level 10 in Stealth
  5672 | D:5      | Found Zaolo's Magic Scroll Shoppe.
  5675 | D:5      | Bought a scroll of teleportation for 39 gold pieces
  6520 | D:6      | Reached XP level 9. HP: 29/57 MP: 5/12
  6804 | D:6      | Reached **** piety under Uskayaw
  7104 | D:6      | Learned a level 3 spell: Dazzling Spray
  7227 | D:6      | Found a deep blue altar of Sif Muna.
  7321 | D:6      | Found an iron altar of Okawaru.
  7546 | D:7      | Reached skill level 10 in Hexes
  7772 | D:7      | Reached skill level 5 in Invocations
  7954 | D:7      | Reached skill level 11 in Stealth
  8060 | D:7      | Found Ecrymaph's Antique Armour Shoppe.
  8517 | D:7      | Found a burning altar of Makhleb.
  9266 | D:8      | Noticed a two-headed ogre
  9269 | D:8      | Killed a two-headed ogre
  9269 | D:8      | Reached XP level 10. HP: 63/63 MP: 14/16
  9449 | D:8      | Found a staircase to the Lair.
  9478 | D:8      | Reached skill level 12 in Stealth
  9566 | D:8      | You fall through a shaft!
  9579 | D:9      | Found an ornate altar of the Wu Jian Council.
  9692 | D:9      | Noticed a four-headed hydra
  9703 | D:9      | Killed a four-headed hydra
  9703 | D:9      | Reached skill level 5 in Spellcasting
  9770 | D:9      | HP: 2/63 [troll (3)]
  9772 | D:9      | Found Akhloppus's Antique Weapon Shoppe.
  9773 | D:9      | Noticed a two-headed ogre
  9853 | D:9      | Killed a two-headed ogre
 10114 | D:9      | Reached skill level 13 in Stealth
 10140 | D:9      | Noticed a two-headed ogre
 10147 | D:9      | Mangled by a two-headed ogre

Vault maps used:
D:1:      minmay_arrival_wavy_path, minmay_split_cup_large
D:2:      lightli_temple_of_fire, dancing_weapons_uskayaw
D:3:      cheibrodos_ashenzari_chains, lemuel_coloured_pillars_altar,
          kennysheep_generic_room_16
D:4:      lemuel_zombie_altar_kikubaaqudgha, serial_glass, glass_columns_a,
          glass_columns_a, portal_sewer_entry_e, uniq_edmund
D:5:      vehumet_crystals, serial_shops, nicolae_shop_behind_doors,
          first_ration, kennysheep_big_empty_room, serial_park_tiny_pond,
          uniq_blork_the_orc
D:6:      kennysheep_mini_moat, tgw_sif
D:7:      minmay_temple_entry_from_below_b, serial_shops, shop_statue,
          makhleb_blood_cavern_becter
D:8:      david_lair_shrubbed, grunt_ogre_cave
D:9:      minmay_quarter_circles, lemuel_doored_altar, serial_shops,
          nicolae_shop_trees, nicolae_shop_temple_entry_statues_fountains,
          minivault_14, lightli_fourway_metalbox
Sewer:    kennysheep_sewer_church

Skill      XL: |  1  2  3  4  5  6  7  8  9 10 |
---------------+-------------------------------+-----
Stealth        | 5 6 7 8 10 11 13 | 13.0
Hexes          | 5 6 7 8 9 11 12 | 12.1
Short Blades   | 2 3 4 5 6 7 9 |  9.0
Invocations    | 1 2 3 4 5 |  5.0
Spellcasting   | 4 5 |  5.0
Dodging        | |  2.5

Action                   |  1- 3 |  4- 6 |  7- 9 | 10-12 || total
-------------------------+-------+-------+-------+-------++-------
Melee: Dagger            |    77 |   156 |   239 |    30 ||   502
       Bite              |     4 |    12 |    16 |     3 ||    35
 Cast: Ensorcelled Hiber |    21 |    45 |    70 |    22 ||   158
       Corona            |     1 |       |       |       ||     1
       Confuse           |       |     2 |    34 |     4 ||    40
       Tukima's Dance    |       |       |     3 |       ||     3
       Dazzling Spray    |       |       |     3 |       ||     3
Invok: Stomp             |       |     1 |     1 |       ||     2
 Abil: End Transformatio |       |       |     1 |       ||     1
       Bat Form          |       |       |     1 |       ||     1
  Use: Potion            |     1 |     5 |    14 |     3 ||    23
       Scroll            |       |     6 |     6 |     1 ||    13
 Stab: Sleeping          |    17 |    41 |    63 |    12 ||   133
       Confused          |       |     1 |    15 |     3 ||    19
       Paralysed         |       |     1 |     2 |       ||     3
Armor: Robe              |    16 |    31 |    46 |     6 ||    99
Dodge: Dodged            |    35 |    81 |   143 |    19 ||   278

Table legend:
 A = Spawn XP
 B = Non-spawn XP
 C = Spawn XP percentage of total XP
 D = Spawn monster count
 E = Non-spawn monster count
 F = Spawn count percentage of total count
 G = Total turns spent on level
                    A         B        C        D         E        F      G
               +---------+---------+-------+---------+---------+-------+---------
         Total |       0 |    8848 |   0.0 |       0 |     211 |   0.0 | 10147
               +---------+---------+-------+---------+---------+-------+---------
           D:1 |       0 |      44 |   0.0 |       0 |      19 |   0.0 |  1052
           D:2 |       0 |     111 |   0.0 |       0 |      26 |   0.0 |  1063
           D:3 |       0 |     109 |   0.0 |       0 |      22 |   0.0 |  1093
           D:4 |       0 |     565 |   0.0 |       0 |      28 |   0.0 |   773
           D:5 |       0 |    1086 |   0.0 |       0 |      20 |   0.0 |  1203
           D:6 |       0 |     816 |   0.0 |       0 |      17 |   0.0 |  1200
           D:7 |       0 |    1048 |   0.0 |       0 |      21 |   0.0 |  1548
           D:8 |       0 |    1691 |   0.0 |       0 |      12 |   0.0 |   603
           D:9 |       0 |    2757 |   0.0 |       0 |      10 |   0.0 |   581
         Sewer |       0 |     621 |   0.0 |       0 |      36 |   0.0 |  1031
               +---------+---------+-------+---------+---------+-------+---------
